 Dungeon Crawl Stone Soup version 0.21.1-1-g345015f (webtiles) character file.

18 Heatsaber the Chiller (level 2, 0/21 HPs)
             Began as a Vine Stalker Ice Elementalist on May 20, 2018.
             Slain by an adder (3 damage)
             ... on level 2 of the Dungeon.
             The game lasted 00:06:41 (1013 turns).

Heatsaber the Chiller (VSIE)                        Turns: 1013, Time: 00:06:41

Health: 0/21       AC: 21    Str: 10    XL:     2   Next: 66%
Magic:  0/6        EV:  2    Int: 15    God:
Gold:   6          SH:  0    Dex: 14    Spells: 2/5 levels left

rFire    . . .     SeeInvis .   e - +0 dagger
rCold    . . .     Gourm    .   (no shield)
rNeg     + + +     Faith    .   (armour currently unavailable)
rPois    +         Spirit   +   (helmet currently unavailable)
rElec    .         Reflect  .   (cloak currently unavailable)
rCorr    .         Harm     .   (gloves currently unavailable)
MR       .....     NoTele   +   (boots currently unavailable)
Stlth    ++........             (no amulet)
HPRegen  0.07/turn              (no ring)
MPRegen  0.10/turn              (no ring)

@: lethally poisoned (0 -> -2), tree-form
A: magic shield, no potion heal 3, rot immunity
a: no special abilities


You were on level 2 of the Dungeon.
You were very hungry.
You were a tree.
You visited 1 branch of the dungeon, and saw 2 of its levels.

You collected 6 gold pieces.

Inventory:

Hand Weapons
 e - a +0 dagger (weapon)
Armour
 a - a +0 robe (melded)
Scrolls
 d - a scroll of identify {unknown}
 f - a scroll of teleportation {unknown}
 g - a scroll of remove curse {unknown}
 j - 2 scrolls of enchant armour {unknown}
 l - a scroll of enchant weapon {unknown}
Books
 b - a book of Frost

   Spells                             Type                      Level
   a - Freeze                         Ice                          1
   b - Throw Frost                    Conjuration/Ice              2
   c - Ozocubu's Armour               Charms/Ice                   3
   d - Throw Icicle                   Conjuration/Ice              4
   e - Summon Ice Beast               Ice/Summoning                4
Comestibles
 c - 3 rations


   Skills:
 + Level 0.8 Fighting
 + Level 1.8 Dodging
 - Level 2.4 Stealth
 + Level 2.4 Spellcasting
 - Level 1.0 Conjurations
 + Level 3.2 Ice Magic


You had 2 spell levels left.
You knew the following spells:

 Your Spells              Type           Power        Failure   Level  Hunger
a - Freeze                Ice            ##..         5%          1    #......
b - Throw Frost           Conj/Ice       #.....       13%         2    ###....


Dungeon Overview and Level Annotations

Branches:
Dungeon (2/15)

Altars:


Innate Abilities, Weirdness & Mutations

((You have extremely sharp teeth.))
When hurt, damage is shared between your health and your magic reserves.
((Your bite disrupts and absorbs the magic of your enemies.))
Potions cannot restore your health.
You are immune to rotting.


Message History

The adder is heavily wounded.
The adder bites you but does no damage.
You hit the adder.
The adder is severely wounded.
You feel sick.
The adder bites you but does no damage. x2
You hit the adder but do no damage.
The adder is severely wounded.
The adder bites you.
* * * LOW HITPOINT WARNING * * *
You hit the adder but do no damage.
The adder is severely wounded.
The adder bites you but does no damage.
You closely miss the adder.
The adder is severely wounded.
The adder bites you but does no damage.
You closely miss the adder.
The adder is severely wounded.
* * * LOW HITPOINT WARNING * * *
You feel sick. The adder bites you.
You die...

#.#.#.# #.######..#..
.###########.#.#.# #............
...............#.###.###).......
...........................#....
...............#.###.#...#.# .#
#######.########.###.#.#.#...
.....................#.#...##.#
#######.########.#####.#...## #
...............♣S............>
#######<########.#########.##.
#............# .# #
...............# ..
..###.#########.## #. .. #. ...
) ... #


You could see an adder.

Vanquished Creatures
  A giant cockroach (D:1)
  5 hobgoblins (D:1)
  2 jackals (D:2)
  4 kobolds
  A ball python (D:1)
  3 rats (D:1)
16 creatures vanquished.

Notes
Turn   | Place    | Note
-------+----------+-------------------------------------------
     0 | D:1      | Heatsaber the Vine Stalker Ice Elementalist began the quest for the Orb.
     0 | D:1      | Reached XP level 1. HP: 9/9 MP: 4/4
   380 | D:1      | Reached XP level 2. HP: 14/14 MP: 3/6
   384 | D:1      | Learned a level 2 spell: Throw Frost
  1013 | D:2      | Slain by an adder

Action                   || total
-------------------------++-------
Melee: Dagger            ||    11
       Bite              ||     1
 Cast: Freeze            ||    20
       Throw Frost       ||    11
  Use: Potion            ||     2
Armor: Robe              ||     3
       Skin              ||     8
Dodge: Dodged            ||     6
